[ PARTIDA AOE2 · #495918935 ]
UnrankedSarracenos vs Italians
Equipo del jugador · DERR
Equipo rival · VICT
[ ANÁLISIS DE REPETICIÓN · EXTRAÍDO DE LA PARTIDA GRABADA ]
Feudal
12:00
Castillos
16:39
Imperial
39:56
| APM promedio | 40.2 |
| APM pico | 67 |
| eAPM promedio | 23.7 |
| Aldeanos / militares | 131 / 25 |
Foco
⚔️ 22.9% · 🌾 77.1%
Scorpion ×19 · Mameluke ×3 · Mangonel ×2 · Monk ×1
Feudal
9:16
Castillos
21:19
Imperial
36:01
| APM promedio | 63.1 |
| APM pico | 95 |
| eAPM promedio | 22.4 |
| Aldeanos / militares | 150 / 80 |
Foco
⚔️ 31.0% · 🌾 69.0%
Archer ×64 · Monk ×4 · Knight ×4 · Militia ×3 · Trebuchet (Packed) ×3 · Genoese Crossbowman ×2
Mapa de la partida
Recursos iniciales + cada clic de construcción. Líneas = muros · curvas = relieve. ◆ oro · ⬟ piedra · ● bayas · ✦ reliquia · ◌ hueco del cierre
Tu base· Abierta — flanco sin cerrar
Base de Datel· ✓ Cerrada en 21:19 · 26t muro · sin puerta
Terreno inicial suavizado · ◌ = hueco del cierre detectado · pasá el cursor para detalles
Inputs por minuto
— zz_Highway - - Datel
Build order — zz_Highway
Primeras 150 de 293 acciones detectadas
| 0:01 | Crear | Villager (Male) |
| 0:01 | Crear | Villager (Male) |
| 0:02 | Construir | House |
| 0:03 | Construir | House |
| 0:24 | Crear | Villager (Male) |
| 0:32 | Crear | Villager (Male) |
| 1:25 | Crear | Villager (Male) |
| 1:52 | Construir | Lumber Camp |
| 1:58 | Crear | Villager (Male) |
| 2:18 | Crear | Villager (Male) |
| 2:53 | Crear | Villager (Male) |
| 2:53 | Crear | Villager (Male) |
| 3:13 | Crear | Villager (Male) |
| 3:40 | Crear | Villager (Male) |
| 3:42 | Crear | Villager (Male) |
| 3:53 | Construir | House |
| 3:55 | Construir | House |
| 4:19 | Crear | Villager (Male) |
| 4:19 | Crear | Villager (Male) |
| 4:45 | Crear | Villager (Male) |
| 4:48 | Crear | Villager (Male) |
| 5:06 | Construir | Mill |
| 5:13 | Construir | Palisade Wall |
| 5:47 | Crear | Villager (Male) |
| 6:11 | Construir | Palisade Wall |
| 6:19 | Crear | Villager (Male) |
| 6:34 | Construir | House |
| 6:38 | Construir | Palisade Wall |
| 6:50 | Construir | Palisade Wall |
| 6:58 | Crear | Villager (Male) |
| 7:02 | Construir | Mining Camp |
| 7:29 | Crear | Villager (Male) |
| 7:50 | Investigar | Loom |
| 7:54 | Crear | Villager (Male) |
| 7:56 | Investigar | Loom |
| 8:13 | Construir | Mill |
| 8:45 | Crear | Villager (Male) |
| 9:05 | Construir | House |
| 9:13 | Construir | Palisade Wall |
| 9:18 | Construir | Palisade Gate |
| 9:25 | Crear | Villager (Male) |
| 9:46 | Investigar | Feudal Age |
| 10:08 | Construir | House |
| 10:10 | Construir | Palisade Wall |
| 10:11 | Construir | Palisade Wall |
| 10:12 | Construir | Palisade Wall |
| 10:13 | Construir | Palisade Wall |
| 10:30 | Construir | House |
| 11:47 | Construir | House |
| 11:48 | Construir | House |
| 11:56 | Construir | Palisade Wall |
| 12:00 | Edad | Edad Feudal |
| 12:01 | Construir | Palisade Wall |
| 12:04 | Construir | Palisade Wall |
| 12:06 | Construir | Palisade Wall |
| 12:23 | Construir | Market |
| 12:25 | Construir | Blacksmith |
| 12:26 | Crear | Villager (Male) |
| 12:47 | Crear | Villager (Male) |
| 13:13 | Construir | Mining Camp |
| 13:35 | Construir | House |
| 13:37 | Construir | Palisade Wall |
| 13:40 | Construir | Palisade Wall |
| 13:43 | Construir | Palisade Wall |
| 13:59 | Investigar | Castle Age |
| 15:56 | Construir | Watch Tower |
| 16:39 | Edad | Edad de los Castillos |
| 17:11 | Construir | Town Center |
| 17:40 | Crear | Villager (Male) |
| 17:42 | Crear | Villager (Male) |
| 17:49 | Investigar | Double-Bit Axe |
| 17:58 | Construir | House |
| 18:00 | Crear | Villager (Male) |
| 18:02 | Construir | Farm |
| 18:07 | Crear | Villager (Male) |
| 18:08 | Crear | Villager (Male) |
| 18:46 | Construir | Siege Workshop |
| 18:54 | Construir | House |
| 19:01 | Crear | Villager (Male) |
| 19:02 | Crear | Villager (Male) |
| 19:43 | Construir | Farm |
| 19:47 | Crear | Villager (Male) |
| 19:48 | Crear | Villager (Male) |
| 20:00 | Construir | Farm |
| 20:21 | Construir | Farm |
| 20:22 | Crear | Villager (Male) |
| 20:47 | Crear | Villager (Male) |
| 20:48 | Crear | Villager (Male) |
| 20:53 | Construir | Farm |
| 21:03 | Construir | Farm |
| 21:06 | Construir | Farm |
| 21:23 | Construir | Farm |
| 21:25 | Construir | Farm |
| 21:29 | Crear | Villager (Male) |
| 21:32 | Construir | Farm |
| 21:52 | Crear | Villager (Male) |
| 22:07 | Construir | Castle |
| 22:24 | Crear | Villager (Male) |
| 22:24 | Crear | Villager (Male) |
| 22:27 | Construir | Farm |
| 23:11 | Crear | Villager (Male) |
| 23:12 | Crear | Villager (Male) |
| 23:13 | Crear | Villager (Male) |
| 23:27 | Crear | Villager (Male) |
| 23:38 | Crear | Villager (Male) |
| 24:07 | Crear | Villager (Male) |
| 24:40 | Crear | Mangonel |
| 24:41 | Crear | Villager (Male) |
| 25:08 | Crear | Villager (Male) |
| 25:22 | Crear | Villager (Male) |
| 25:32 | Crear | Villager (Male) |
| 25:33 | Crear | Villager (Male) |
| 25:36 | Crear | Villager (Male) |
| 25:49 | Crear | Villager (Male) |
| 25:50 | Crear | Villager (Male) |
| 25:56 | Construir | House |
| 26:00 | Crear | Villager (Male) |
| 26:04 | Crear | Villager (Male) |
| 26:21 | Crear | Mangonel |
| 26:53 | Crear | Villager (Male) |
| 27:04 | Crear | Villager (Male) |
| 27:08 | Construir | Farm |
| 27:11 | Crear | Villager (Male) |
| 27:15 | Crear | Villager (Male) |
| 27:20 | Crear | Villager (Male) |
| 27:29 | Construir | Farm |
| 27:38 | Crear | Villager (Male) |
| 27:49 | Crear | Villager (Male) |
| 28:09 | Construir | Town Center |
| 28:11 | Crear | Villager (Male) |
| 28:21 | Crear | Villager (Male) |
| 28:51 | Crear | Villager (Male) |
| 28:52 | Crear | Villager (Male) |
| 29:09 | Crear | Villager (Male) |
| 29:10 | Crear | Villager (Male) |
| 29:22 | Crear | Villager (Male) |
| 29:33 | Crear | Villager (Male) |
| 29:34 | Crear | Villager (Male) |
| 29:34 | Crear | Villager (Male) |
| 29:40 | Construir | Farm |
| 29:44 | Investigar | Horse Collar |
| 29:49 | Construir | House |
| 29:51 | Construir | House |
| 29:52 | Construir | House |
| 29:53 | Construir | House |
| 30:07 | Crear | Villager (Male) |
| 30:08 | Crear | Villager (Male) |
| 30:09 | Crear | Villager (Male) |
| 30:14 | Construir | Monastery |
| 30:22 | Construir | Farm |
Build order — Datel
Primeras 150 de 411 acciones detectadas
| 0:00 | Crear | Villager (Male) |
| 0:01 | Crear | Villager (Male) |
| 0:01 | Crear | Villager (Male) |
| 0:02 | Construir | House |
| 0:04 | Construir | House |
| 0:13 | Crear | Villager (Male) |
| 1:24 | Crear | Villager (Male) |
| 1:52 | Construir | Lumber Camp |
| 2:02 | Crear | Villager (Male) |
| 2:12 | Crear | Villager (Male) |
| 2:12 | Crear | Villager (Male) |
| 2:44 | Crear | Villager (Male) |
| 2:59 | Crear | Villager (Male) |
| 2:59 | Crear | Villager (Male) |
| 3:26 | Construir | House |
| 3:26 | Construir | House |
| 3:34 | Crear | Villager (Male) |
| 3:34 | Crear | Villager (Male) |
| 4:08 | Crear | Villager (Male) |
| 4:30 | Crear | Villager (Male) |
| 4:51 | Construir | Mill |
| 4:58 | Crear | Villager (Male) |
| 4:58 | Crear | Villager (Male) |
| 5:14 | Crear | Villager (Male) |
| 5:14 | Crear | Villager (Male) |
| 5:34 | Crear | Villager (Male) |
| 6:09 | Investigar | Loom |
| 6:42 | Construir | Barracks |
| 7:05 | Investigar | Feudal Age |
| 7:26 | Construir | House |
| 7:34 | Crear | Militia |
| 7:34 | Crear | Militia |
| 8:00 | Construir | Mining Camp |
| 8:09 | Construir | Palisade Wall |
| 8:28 | Crear | Militia |
| 8:40 | Construir | House |
| 9:14 | Crear | Villager (Male) |
| 9:16 | Edad | Edad Feudal |
| 9:28 | Investigar | Man-at-Arms (upgrade) |
| 9:30 | Investigar | Double-Bit Axe |
| 9:30 | Investigar | Double-Bit Axe |
| 9:37 | Crear | Villager (Male) |
| 9:46 | Construir | Mill |
| 10:02 | Crear | Villager (Male) |
| 10:11 | Crear | Villager (Male) |
| 10:21 | Construir | Farm |
| 10:50 | Crear | Villager (Male) |
| 10:59 | Crear | Villager (Male) |
| 11:28 | Crear | Villager (Male) |
| 11:31 | Construir | Archery Range |
| 11:46 | Crear | Villager (Male) |
| 11:49 | Construir | Farm |
| 12:10 | Crear | Villager (Male) |
| 12:15 | Construir | Farm |
| 12:24 | Crear | Archer |
| 12:24 | Crear | Archer |
| 12:28 | Construir | House |
| 12:44 | Crear | Villager (Male) |
| 12:46 | Crear | Archer |
| 13:06 | Crear | Villager (Male) |
| 13:07 | Crear | Archer |
| 13:10 | Construir | Farm |
| 13:15 | Construir | Palisade Wall |
| 13:26 | Construir | Palisade Wall |
| 13:30 | Crear | Villager (Male) |
| 13:32 | Crear | Archer |
| 13:44 | Construir | Farm |
| 13:54 | Construir | Palisade Wall |
| 13:55 | Construir | Palisade Wall |
| 13:56 | Construir | Palisade Wall |
| 14:15 | Crear | Villager (Male) |
| 14:26 | Crear | Archer |
| 14:41 | Crear | Villager (Male) |
| 14:47 | Construir | House |
| 14:59 | Construir | Blacksmith |
| 15:09 | Investigar | Town Watch |
| 15:09 | Investigar | Town Watch |
| 15:45 | Crear | Villager (Male) |
| 15:46 | Crear | Archer |
| 15:48 | Construir | House |
| 15:59 | Crear | Villager (Male) |
| 16:01 | Construir | Farm |
| 16:01 | Construir | Farm |
| 16:02 | Construir | Farm |
| 16:02 | Construir | Farm |
| 16:04 | Investigar | Fletching |
| 16:25 | Crear | Archer |
| 16:25 | Crear | Archer |
| 16:26 | Crear | Villager (Male) |
| 16:47 | Construir | Farm |
| 16:47 | Crear | Archer |
| 17:11 | Crear | Villager (Male) |
| 17:16 | Construir | Market |
| 17:36 | Crear | Villager (Male) |
| 17:57 | Crear | Villager (Male) |
| 18:01 | Construir | House |
| 18:08 | Construir | House |
| 18:39 | Investigar | Castle Age |
| 18:39 | Investigar | Castle Age |
| 18:43 | Crear | Archer |
| 18:44 | Crear | Archer |
| 18:53 | Investigar | Padded Archer Armor |
| 18:53 | Investigar | Padded Archer Armor |
| 18:55 | Construir | House |
| 18:58 | Construir | House |
| 19:23 | Crear | Villager (Male) |
| 19:39 | Crear | Archer |
| 19:39 | Crear | Archer |
| 19:44 | Crear | Villager (Male) |
| 19:48 | Construir | House |
| 19:49 | Construir | House |
| 19:59 | Construir | Archery Range |
| 20:02 | Crear | Archer |
| 20:07 | Construir | Lumber Camp |
| 20:11 | Construir | Lumber Camp |
| 20:33 | Crear | Archer |
| 21:11 | Crear | Archer |
| 21:11 | Crear | Archer |
| 21:15 | Construir | Farm |
| 21:18 | Crear | Archer |
| 21:19 | Crear | Archer |
| 21:19 | Edad | Edad de los Castillos |
| 21:22 | Investigar | Bodkin Arrow |
| 21:30 | Construir | Town Center |
| 21:35 | Investigar | Crossbowman (upgrade) |
| 21:39 | Construir | University |
| 21:43 | Crear | Villager (Male) |
| 22:06 | Crear | Villager (Male) |
| 22:06 | Crear | Villager (Male) |
| 22:26 | Crear | Villager (Male) |
| 22:26 | Crear | Villager (Male) |
| 22:31 | Construir | Farm |
| 22:31 | Construir | Farm |
| 22:31 | Construir | Farm |
| 23:08 | Crear | Villager (Male) |
| 23:08 | Crear | Villager (Male) |
| 23:23 | Crear | Villager (Male) |
| 23:23 | Crear | Villager (Male) |
| 23:24 | Crear | Archer |
| 23:24 | Crear | Archer |
| 23:38 | Crear | Villager (Male) |
| 23:42 | Investigar | Ballistics |
| 23:58 | Crear | Villager (Male) |
| 23:58 | Crear | Villager (Male) |
| 24:15 | Crear | Villager (Male) |
| 24:15 | Crear | Villager (Male) |
| 24:33 | Construir | Town Center |
| 24:41 | Crear | Villager (Male) |
| 24:42 | Crear | Villager (Male) |
| 24:47 | Crear | Villager (Male) |
Cronología de la partida
| 5:13 | zz_Highway · wall_segment Palisade Wall x7 |
| 6:11 | zz_Highway · wall_segment Palisade Wall x1 |
| 6:38 | zz_Highway · wall_segment Palisade Wall x2 |
| 6:42 | Datel · first_building Barracks |
| 6:50 | zz_Highway · wall_segment Palisade Wall x9 |
| 8:09 | Datel · wall_segment Palisade Wall x3 |
| 9:13 | zz_Highway · wall_segment Palisade Wall x5 |
| 9:16 | Datel · age_up feudal |
| 10:10 | zz_Highway · wall_segment Palisade Wall x1 |
| 10:11 | zz_Highway · wall_segment Palisade Wall x1 |
| 10:12 | zz_Highway · wall_segment Palisade Wall x1 |
| 10:13 | zz_Highway · wall_segment Palisade Wall x1 |
| 11:31 | Datel · first_building Archery Range |
| 11:56 | zz_Highway · wall_segment Palisade Wall x1 |
| 12:00 | zz_Highway · age_up feudal |
| 12:01 | zz_Highway · wall_segment Palisade Wall x1 |
| 12:04 | zz_Highway · wall_segment Palisade Wall x1 |
| 12:06 | zz_Highway · wall_segment Palisade Wall x1 |
| 13:15 | Datel · wall_segment Palisade Wall x9 |
| 13:23 | zz_Highway · first_market_sell 100 wood |
| 13:25 | zz_Highway · first_market_buy 100 food |
| 13:26 | Datel · wall_segment Palisade Wall x11 |
| 13:37 | zz_Highway · wall_segment Palisade Wall x1 |
| 13:40 | zz_Highway · wall_segment Palisade Wall x1 |
| 13:43 | zz_Highway · wall_segment Palisade Wall x1 |
| 13:54 | Datel · wall_segment Palisade Wall x1 |
| 13:55 | Datel · wall_segment Palisade Wall x1 |
| 13:56 | Datel · wall_segment Palisade Wall x1 |
| 16:39 | zz_Highway · age_up castle |
| 18:37 | Datel · first_market_buy 100 food |
| 18:46 | zz_Highway · first_building Siege Workshop |
| 21:19 | Datel · age_up castle |
| 22:07 | zz_Highway · first_building Castle |
| 29:47 | Datel · first_building Monastery |
| 30:14 | zz_Highway · first_building Monastery |
| 30:17 | Datel · first_building Castle |
| 32:49 | Datel · first_market_sell 100 wood |
| 36:01 | Datel · age_up imperial |
| 38:59 | Datel · first_building Stable |
| 39:56 | zz_Highway · age_up imperial |
| 40:57 | zz_Highway · resign |
[ ANÁLISIS IA · 1 CRÉDITO ]
¿Qué pasó realmente en esta partida?
Wolo.gg analiza cada decisión: build order, eco, micro, errores típicos por bracket. Análisis personalizado por WhatsApp o Discord en 30 segundos.
Guía civ
Sarracenos
Perfil
Jugador #4249903